 Dungeon Crawl Stone Soup version 0.26.1-10-gdfb7c7de75 (webtiles) character file.

Game seed: 17903915453382751068

22879 MalarOregon the Slicer (level 13, -5/88 HPs)
             Began as a Halfling Warper on Apr 1, 2021.
             Was an Elder of Dithmenos.
             Slain by a polar bear (26 damage)
             ... in an ice cave on Apr 2, 2021.
             The game lasted 00:52:04 (19138 turns).

MalarOregon the Slicer (Halfling Warper)           Turns: 19138, Time: 00:52:05

Health: -5/88      AC: 24    Str: 14    XL:     13   Next: 30%
Magic:  16/16      EV: 19    Int: 13    God:    Dithmenos [****..]
Gold:   722        SH:  8    Dex: 15    Spells: 11/16 levels left

rFire    + . .     SeeInvis .   g - +2 dagger (elec)
rCold    . . .     Faith    .   n - +2 buckler {AC+3}
rNeg     . . .     Spirit   .   F - +5 ring mail {rF+}
rPois    .         Reflect  .   M - +0 helmet
rElec    .         Harm     .   k - +1 cloak
rCorr    +         Rampage  .   D - +0 pair of gloves
Will     .....                  (no boots)
Stlth    +.........             e - amulet of regeneration
HPRegen  0.64/turn              L - +4 ring of protection
MPRegen  0.15/turn              c - ring of resist corrosion

@: wreathed by umbra
A: small, mutation resistance 1
a: Renounce Religion, Shadow Step


You were in an ice cave.
You worshipped Dithmenos.
Dithmenos was greatly pleased with you.
You visited 3 branches of the dungeon, and saw 14 of its levels.
You also visited: Ossuary and Ice Cave.

You collected 967 gold pieces.
You spent 245 gold pieces at shops.

Inventory:

Hand Weapons
 g - a +2 dagger of electrocution (weapon)
   (You took it off a goblin on level 2 of the Dungeon)
 v - a +1 dagger of freezing
   (You took it off an orc wizard on level 4 of the Dungeon)
 N - a +1 short sword of venom
   (You took it off Sonja on level 10 of the Dungeon)
Missiles
 j - 13 atropa-tipped darts
 p - 6 silver boomerangs
 q - 473 stones
 r - 22 poisoned darts
 w - 5 boomerangs
 E - 2 throwing nets {!f}
 H - 3 boomerangs of dispersal {!f}
 O - 4 curare-tipped darts {!f}
Armour
 k - a +1 cloak (worn)
   (You found it on level 1 of the Dungeon)
 n - a +2 buckler of protection (worn)
   (You found it in an ice cave)
 D - a +0 pair of gloves (worn)
   (You found it on level 5 of the Dungeon)
 F - a +5 ring mail of fire resistance (worn)
   (You found it on level 3 of the Dungeon)
 M - a +0 helmet (worn)
   (You took it off Robin on level 4 of the Dungeon)
 U - a +0 kite shield
   (You found it on level 2 of the Lair of Beasts)
Jewellery
 c - a ring of resist corrosion (right hand)
   (You found it on level 3 of the Lair of Beasts)
 e - an amulet of regeneration (around neck)
   (You found it on level 3 of the Lair of Beasts)
 z - an uncursed amulet of guardian spirit
   (You found it on level 2 of the Lair of Beasts)
 L - a +4 ring of protection (left hand)
   (You found it on level 9 of the Dungeon)
 P - an uncursed ring of poison resistance
   (You took it off a big kobold on level 10 of the Dungeon)
Wands
 a - a wand of polymorph (16)
   (You took it off Natasha on level 2 of the Dungeon)
 d - a wand of iceblast (13)
   (You bought it in a shop on level 6 of the Dungeon)
 t - a wand of flame (13) (quivered)
   (You found it on level 8 of the Dungeon)
 u - a wand of paralysis (24)
   (You found it on level 8 of the Dungeon)
 x - a wand of acid (6)
   (You took it off a gnoll on level 9 of the Dungeon)
 I - a wand of enslavement (10)
   (You found it on level 7 of the Dungeon)
Scrolls
 b - 9 scrolls of teleportation {@r4}
 f - 2 scrolls of blinking
 o - 3 scrolls of identify {@r1}
 y - 4 scrolls of magic mapping
 A - 8 scrolls of remove curse {@r2}
 B - 4 scrolls of amnesia
 G - a scroll of immolation {!r}
 J - a scroll of vulnerability {!r}
Potions
 h - 4 potions of heal wounds {@q2}
 i - 12 potions of curing {@q1}
 l - a potion of brilliance
 m - 3 potions of ambrosia
 s - 4 potions of cancellation
 R - 3 potions of flight
 S - 3 potions of lignification {!q}
 T - a potion of magic


   Skills:
 + Level 7.9 Fighting
 - Level 12.0 Short Blades
 * Level 11.7 Throwing
 + Level 9.2 Armour
 + Level 9.4 Dodging
 + Level 3.8 Shields
 - Level 2.0 Spellcasting
 - Level 4.0 Translocations


You had 11 spell levels left.
You knew the following spells:

 Your Spells              Type           Power        Failure   Level
a - Gell's Gravitas       Tloc           5%           30%         3
b - Blink                 Tloc           N/A          16%         2

Your spell library contained the following spells:

 Spells                   Type           Power        Failure   Level
 Lesser Beckoning         Tloc           5%           30%         3
 Teleport Other           Tloc           11%          30%         3
 Corona                   Hex            1%           47%         1
 Sandblast                Erth           2%           47%         1
 Ensorcelled Hibernation  Hex/Ice        2%           63%         2
 Passwall                 Tmut/Erth      0%           63%         2
 Passage of Golubria      Tloc           N/A          71%         4
 Confusing Touch          Hex            1%           85%         3
 Dazzling Flash           Conj/Hex       2%           85%         3
 Stone Arrow              Conj/Erth      2%           85%         3
 Tukima's Dance           Hex            1%           85%         3
 Petrify                  Tmut/Erth      1%           99%         4
 Bolt of Magma            Conj/Fire/Erth 0%           100%        5
 Iskenderun's Battlesphe  Conj           1%           100%        5
 Lee's Rapid Deconstruct  Erth           0%           100%        5
 Metabolic Englaciation   Hex/Ice        0%           100%        5
 Yara's Violent Unravell  Hex/Tmut       0%           100%        5
 Iron Shot                Conj/Erth      0%           100%        6
 Orb of Destruction       Conj           0%           100%        7
 Spellforged Servitor     Conj/Summ      0%           100%        7


Dungeon Overview and Level Annotations

Branches:
Dungeon (10/15)            Temple (1/1) D:6            Lair (3/6) D:9
  Swamp (0/4) Lair:3      Ossuary (visited)           IceCv (1/1)
  Snake: Lair:2-4    Spider: Lair:2-4       Orc: D:9-12

Altars:
Ashenzari
Cheibriados
Dithmenos
Elyvilon
Fedhas
Gozag
Hepliaklqana
Kikubaaqudgha
Makhleb
Nemelex Xobeh
Okawaru
Qazlal
Ru
Sif Muna
Trog
Uskayaw
Vehumet
Wu Jian
Xom
Yredelemnul
Zin
The Shining One

Shops:
D:4 ?   D:6 *

Annotations:
D:4 3 runed translucent doors, Glorbak's ghost, weakling DrTm
D:8 2 transporters, MalarOregon's ghost, journeyman HaBe
D:9 Erolcha


Innate Abilities, Weirdness & Mutations

You are small and have problems with some larger weapons.
You are somewhat resistant to further mutation.


Message History

You hit the polar bear but do no damage.
You barely miss the polar bear.
Your shadow hits the polar bear with a dagger.
The polar bear closely misses you. You block the polar bear's attack. x2
You hit the polar bear but do no damage.
Lightning courses through the polar bear!!
You kill the polar bear!
Dithmenos accepts your kill. The polar bear barely misses you.
You block the polar bear's attack. The polar bear closely misses you.
Items here: †††††.
You hit the polar bear. The polar bear barely misses you. x2
The polar bear claws you but does no damage.
You hit the polar bear but do no damage.
You hit the polar bear but do no damage.
Lightning courses through the polar bear!
The polar bear closely misses you. x2; The polar bear claws you.
You hit the polar bear but do no damage.
Lightning courses through the polar bear!
Your shadow hits the polar bear but does no damage.
You hit the polar bear but do no damage.
The polar bear bites you. The polar bear closely misses you.
You block the polar bear's attack.
You hit the polar bear but do no damage.
Lightning courses through the polar bear!
You hit the polar bear but do no damage.
Your shadow hits the polar bear but does no damage.
The polar bear goes berserk!
You barely miss the polar bear.
Your shadow hits the polar bear but does no damage.
You hit the polar bear but do no damage.
Your shadow hits the polar bear but does no damage.
The polar bear bites you!
* * * LOW HITPOINT WARNING * * *
The polar bear claws you but does no damage.
The polar bear barely misses you.
You hit the polar bear but do no damage.
The polar bear completely misses you. The polar bear misses you.
The polar bear claws you but does no damage.
You hit the polar bear but do no damage.
The polar bear bites you but does no damage.
You block the polar bear's attack. x2
You hit the polar bear. The polar bear bites you!!
* * * LOW HITPOINT WARNING * * *
The polar bear barely misses you. The polar bear misses you.
You hit the polar bear.
You hit the polar bear but do no damage.
Your shadow hits the polar bear but does no damage.
The polar bear bites you!!
You die...

..## ##....####### ...##
##.#.##.†.##.##
#...####.#.#####...#.####
###...####☼..#
##..#....###
####...##○§.##
##.#..#...###
.###..##○○§##
##..####††.###
.°##..###☼☼# ######
###...### .##.○####○☼#
###....### ###...#
##./.○#.○☼## #h@###...#
#..## ###.#...§## #...##
###.# ###.# ######## ##..
#...#########. ...#
#........##... #..#
##...⌠...###.. ...#
##.....##..## .#.#
#####...### #≈ #####


You could see a polar bear (berserk).

Vanquished Creatures
  A two-headed ogre (D:10)
  Sonja (D:10)
  An unseen horror (D:8)
  An ugly thing (D:10)
  A gargoyle (D:10)
  An ice statue (IceCv)
  6 cane toads
  A rime drake (Lair:3)
  4 komodo dragons
  6 polar bears (IceCv)
  Sigmund (D:3)
  4 wyverns
  45 yaks
  3 basilisks
  Grum (D:9)
  4 water moccasins
  Duvessa (D:7)
  4 sky beasts
  3 orc warriors
  An ice beast (D:10)
  3 black bears
  A necrophage (D:9)
  3 phantoms
  18 wolves
  4 ogres
  6 centaurs
  3 big kobolds
  An elf zombie (Ossuary)
  9 bullfrogs
  A gnoll sergeant (D:9)
  A wyvern zombie (D:8)
  Dowan (D:7)
  A wyvern skeleton (D:8)
  2 scorpions
  9 killer bees
  8 wights
  3 howler monkeys
  3 electric eels (Lair:2)
  6 hounds
  2 jellies
  3 centaur zombies (Ossuary)
  2 orc priests
  A bullfrog skeleton (D:6)
  A gnoll shaman (D:4)
  A human zombie (Ossuary)
  11 orc wizards
  Jessica (D:2)
  Ijyb (D:5)
  4 iguanas
  7 worker ants
  Natasha (thrice) (D:2)
  A big kobold zombie (Ossuary)
  5 hound zombies
  3 mummies (Ossuary)
  A hound skeleton (D:7)
  A worker ant zombie (D:8)
  Robin (D:4)
  9 gnolls
  12 adders
  2 shadow imps (D:6)
  15 white imps
  2 ufetubi
  3 oozes
  2 adder skeletons
  2 adder zombies (Ossuary)
  3 worms
  2 dart slugs
  5 leopard geckos
  41 orcs
  2 ball pythons
  8 giant cockroaches
  21 goblins
  12 hobgoblins
  9 jackals
  5 quokkas
  11 bats
  8 frilled lizards
  2 gnoll zombies (Ossuary)
  5 goblin zombies (Ossuary)
  3 hobgoblin zombies (Ossuary)
  2 jackal zombies (Ossuary)
  19 kobolds
  4 kobold zombies (Ossuary)
  3 orc zombies (Ossuary)
  A quokka skeleton (D:6)
  A quokka zombie (Ossuary)
  9 rats
  6 rat zombies (Ossuary)
451 creatures vanquished.

Vanquished Creatures (collateral kills)
  Joseph (D:10)
1 creature vanquished.

Vanquished Creatures (others)
  A polar bear (IceCv)
  2 yaks (IceCv)
  A howler monkey (D:4)
  3 orc priests
  2 worker ants (D:4)
  A giant cockroach (D:4)
  A frilled lizard (D:4)
  8 fungi
  75 plants
94 creatures vanquished.

Grand Total: 546 creatures vanquished

Notes
Turn   | Place    | Note
-------+----------+-------------------------------------------
     0 | D:1      | MalarOregon the Halfling Warper began the quest for the
                  | Orb.
     0 | D:1      | Reached XP level 1. HP: 14/14 MP: 3/3
   319 | D:1      | Reached XP level 2. HP: 13/19 MP: 4/4
   803 | D:1      | Reached XP level 3. HP: 20/24 MP: 5/5
  1092 | D:1      | Reached skill level 3 in Short Blades
  1274 | D:2      | Reached XP level 4. HP: 15/29 MP: 6/6
  1713 | D:2      | Noticed Jessica
  1735 | D:2      | Killed Jessica
  1736 | D:2      | Reached XP level 5. HP: 21/34 MP: 7/7
  2194 | D:2      | Noticed Natasha
  2211 | D:2      | Killed Natasha
  2422 | D:2      | Learned a level 2 spell: Blink
  2426 | D:2      | Learned a level 3 spell: Gell's Gravitas
  2540 | D:2      | Noticed Natasha
  2548 | D:2      | Killed Natasha
  2722 | D:2      | Noticed Natasha
  2730 | D:2      | Killed Natasha
  2731 | D:2      | Reached skill level 4 in Short Blades
  2731 | D:2      | Reached XP level 6. HP: 40/40 MP: 9/9
  3832 | D:3      | Noticed Sigmund
  3853 | D:3      | Killed Sigmund
  3854 | D:3      | Reached XP level 7. HP: 34/45 MP: 10/10
  4411 | D:4      | Reached skill level 5 in Short Blades
  4468 | D:4      | Found Borghag's Magic Scroll Shoppe.
  4535 | D:4      | Found a shimmering altar of Xom.
  4616 | D:4      | Reached XP level 8. HP: 51/52 MP: 11/11
  4713 | D:4      | Found a glowing golden altar of the Shining One.
  4715 | D:4      | Found a runed translucent gate.
  4715 | D:4      | Found a runed translucent gate.
  4715 | D:4      | Found a runed translucent gate.
  4907 | D:4      | Reached skill level 6 in Short Blades
  5003 | D:4      | Found a sparkling altar of Nemelex Xobeh.
  5008 | D:4      | Noticed Robin
  5022 | D:4      | Killed Robin
  5135 | D:4      | Noticed Glorbak's ghost (weakling DrTm)
  5764 | D:4      | Bought a scroll of magic mapping for 42 gold pieces
  5764 | D:4      | Bought a scroll of magic mapping for 42 gold pieces
  5838 | D:5      | Entered Level 5 of the Dungeon
  5952 | D:5      | Reached skill level 5 in Throwing
  6075 | D:5      | Found a sand-covered staircase.
  6080 | Ossuary  | Entered an ossuary
  6443 | Ossuary  | Reached XP level 9. HP: 56/58 MP: 12/12
  6483 | Ossuary  | Reached skill level 7 in Short Blades
  6827 | D:5      | Noticed Ijyb
  6828 | D:5      | Paralysed by Ijyb for 3 turns
  6847 | D:5      | Killed Ijyb
  6848 | D:5      | Reached skill level 5 in Dodging
  7074 | D:6      | You fall into a shaft and drop 2 floors!
  7271 | D:8      | Reached skill level 8 in Short Blades
  7597 | D:8      | Reached skill level 5 in Armour
  7730 | D:8      | Found a transporter.
  7730 | D:8      | Found a transporter.
  7730 | D:8      | Noticed MalarOregon's ghost (journeyman HaBe)
  7731 | D:8      | Noticed a frost giant
  7732 | D:8      | Noticed a red ugly thing
  7829 | D:6      | Found a staircase to the Ecumenical Temple.
  8334 | D:6      | Reached XP level 10. HP: 65/65 MP: 13/13
  8720 | Temple   | Entered the Ecumenical Temple
  8725 | Temple   | Became a worshipper of Dithmenos the Shadowed
  9079 | D:6      | Found Jashriyca's Assorted Antiques.
  9137 | D:6      | Bought a sharpened brass wand for 92 gold pieces
  9137 | D:6      | Bought a potion of curing for 69 gold pieces
  9196 | D:7      | Found a blossoming altar of Fedhas.
  9351 | D:7      | Reached skill level 9 in Short Blades
  9437 | D:7      | Reached skill level 5 in Fighting
  9584 | D:7      | Found a sacrificial altar of Ru.
  9584 | D:7      | Found a broken altar of Ashenzari.
  9588 | D:7      | Found an ornate altar of the Wu Jian Council.
  9931 | D:7      | Noticed Dowan
  9932 | D:7      | Noticed Duvessa
  9954 | D:7      | Killed Duvessa
  9965 | D:7      | Killed Dowan
  9965 | D:7      | Reached * piety under Dithmenos
 10621 | D:8      | Killed an unseen horror
 11331 | D:9      | Reached skill level 10 in Short Blades
 11331 | D:9      | Noticed Grum
 11367 | D:9      | Killed Grum
 11368 | D:9      | Reached XP level 11. HP: 70/72 MP: 14/14
 11484 | D:9      | Noticed Erolcha
 11730 | D:9      | Reached ** piety under Dithmenos
 11935 | D:9      | Found a staircase to the Lair.
 12253 | D:10     | Entered Level 10 of the Dungeon
 12258 | D:10     | Noticed a two-headed ogre
 12281 | D:10     | Killed a two-headed ogre
 12624 | D:10     | Noticed a white ugly thing
 12641 | D:10     | Killed a purple ugly thing
 12642 | D:10     | Reached skill level 11 in Short Blades
 13116 | D:10     | Noticed Sonja
 13129 | D:10     | Killed Sonja
 13673 | D:10     | Noticed Maurice
 13674 | D:10     | Noticed Maurice
 13674 | D:10     | Maurice changed into Maurice the wyvern
 13679 | D:10     | Killed Maurice the wyvern
 13830 | D:9      | Noticed Joseph
 13856 | D:10     | Killed Joseph
 14035 | D:9      | Reached *** piety under Dithmenos
 14482 | Lair:1   | Entered Level 1 of the Lair of Beasts
 14554 | D:9      | Reached XP level 12. HP: 64/80 MP: 15/15
 15075 | Lair:1   | Reached skill level 10 in Throwing
 15117 | Lair:1   | Reached skill level 12 in Short Blades
 16820 | Lair:2   | Reached skill level 1 in Shields
 17063 | Lair:2   | Reached **** piety under Dithmenos
 18161 | Lair:3   | Found a staircase to the Swamp.
 18250 | Lair:3   | Reached XP level 13. HP: 86/86 MP: 16/16
 18342 | Lair:3   | Found a frozen archway.
 18354 | IceCv    | Entered an ice cave
 19138 | IceCv    | Slain by a polar bear

Illustrated notes

Levels and vault maps discovered:
D:1:      onia_arrival_pentagram, layout_basic, minmay_misc_feat_hallway,
          minmay_statues_item, grunt_decor_junction
D:2:      layout_rooms, uniq_natasha, uniq_jessica
D:3:      layout_basic, minivault_19, uniq_sigmund
D:4:      minmay_door_path, layout_loops_corners, xom_confusion_cloud,
          tso_metal_star, portal_sewer_entry_d, serial_shops,
          nicolae_shop_temple_entry_statues_fountains,
          gammafunk_ghost_necromancy, nrook_mini_vaults,
          nemelex_dance_club_becter, uniq_robin
D:5:      layout_rooms, enter_ossuary_5, uniq_ijyb
D:6:      minmay_spotlight, layout_basic, temple_fountains, serial_shops,
          kennysheep_little_box
D:7:      layout_rooms, old_standard_altar, minitemple, minivault_19,
          st_stairs_1, uniq_duvessa
D:8:      layout_gridville, gammafunk_ghost_arena
D:9:      layout_loops_cross, david_lair_shrubbed, uniq_joseph, uniq_erolcha,
          uniq_grum
D:10:     layout_roguey, uniq_maurice, uniq_sonja
Temple:   nicolae_temple_elliptical
Lair:1:   layout_cave_shapes
Lair:2:   layout_roguey, serial_bayou, serial_bayou_pond_e, serial_bayou_ford_a,
          serial_bayou_pond_a, serial_bayou_lagoon_b
Lair:3:   layout_regular_city, swamp_mist_pool, gammafunk_ghost_hive,
          portal_ice_cave_entry_imps, serial_bayou_shore_b
IceCv:    ice_cave_caverns_02

Skill      XL: |  1  2  3  4  5  6  7  8  9 10 11 12 13 |
---------------+----------------------------------------+-----
Fighting       | 2 3 4 5 6 7 |  7.9
Short Blades   | 3 4 5 6 8 10 11 12 | 12.0
Throwing       | 2 3 4 5 6 8 9 11 | 11.7
Spellcasting   | 2 |  2.0
Armour         | 2 3 4 5 6 7 8 9 |  9.2
Dodging        | 3 4 5 6 7 9 |  9.4
Translocations | 4 |  4.0
Shields        | 2 3 |  3.8

Action                   |  1- 3 |  4- 6 |  7- 9 | 10-12 | 13-15 || total
-------------------------+-------+-------+-------+-------+-------++-------
Melee: Short sword       |   137 |    45 |       |       |       ||   182
       Dagger            |       |   187 |   549 |  1239 |   269 ||  2244
Throw: Dart              |    19 |    35 |     8 |    82 |       ||   144
       Stone             |       |    13 |       |       |       ||    13
       Boomerang         |       |       |     2 |       |       ||     2
Evoke: Wand              |       |       |     5 |    43 |       ||    48
  Use: Scroll            |       |     6 |     5 |     9 |     2 ||    22
       Potion            |       |       |       |     1 |     4 ||     5
 Stab: Paralysed         |       |       |     2 |     1 |       ||     3
Armor: Scale mail        |    42 |   114 |   146 |       |       ||   302
       Ring mail         |       |       |       |   244 |    48 ||   292
Dodge: Dodged            |    92 |   185 |   275 |   669 |   134 ||  1355
Block: Kite shield       |       |       |       |    49 |    21 ||    70
       Buckler           |       |       |       |       |    59 ||    59
